 Dungeon Crawl Stone Soup version 0.29.1-1-gd02db6906a (webtiles) character file.

Game seed: 15717122784251663705

67 Godmorgon the Gusty (level 4, -1/24 HPs)
             Began as a Tengu Air Elementalist on Oct 15, 2022.
             Slain by Natasha (2 damage)
             ... on level 2 of the Dungeon.
             The game lasted 00:03:55 (1831 turns).

Godmorgon the Gusty (Tengu Air Elementalist)        Turns: 1831, Time: 00:03:56

Health: -1/24      AC:  2    Str:  8    XL:     4   Next: 16%
Magic:  1/8        EV: 12    Int: 18    God:
Gold:   84         SH:  0    Dex: 14    Spells: 5/8 levels left

rFire   . . .      SeeInvis .   a - +2 dagger (venom)
rCold   . . .      Faith    .   (no shield)
rNeg    . . .      Spirit   .   d - +0 robe
rPois   .          Reflect  .   (helmet restricted)
rElec   .          Harm     .   (no cloak)
rCorr   .          Rampage  .   (no gloves)
Will    .....                   (boots unavailable)
Stlth   ++........              (no amulet)
HPRegen 0.08/turn               (no ring)
MPRegen 0.11/turn               (no ring)

@: very slightly contaminated
A: beak, talons 3
a: no special abilities


You were on level 2 of the Dungeon.
You visited 1 branch of the dungeon, and saw 3 of its levels.

You collected 84 gold pieces.

Inventory:

Hand Weapons
 a - a +2 dagger of venom (weapon)
Missiles
 k - 3 curare-tipped darts (quivered)
Armour
 d - a +0 robe (worn)
Scrolls
 c - a scroll of enchant armour {unknown}
 f - 3 scrolls of identify {unknown}
 h - a scroll of noise {unknown}
 i - a scroll of poison {unknown}
 j - a scroll of teleportation {unknown}
Potions
 b - 2 potions of magic
 e - a potion of curing {unknown}
 g - a potion of haste {unknown}


   Skills:
 - Level 2.1 Dodging
 - Level 2.0 Stealth
 + Level 2.6 Spellcasting
 + Level 2.7 Conjurations
 * Level 5.4 Air Magic


You had 5 spell levels left.
You knew the following spells:

 Your Spells              Type           Power      Damage    Failure   Level
d - Static Discharge      Conj/Air       17%        3-6/arc   4%          2
s - Shock                 Conj/Air       68%        1d7       3%          1

Your spell library contained the following spells:

 Spells                   Type           Power      Damage    Failure   Level
 Swiftness                Air            21%        N/A       5%          3
 Airstrike                Air            10%        2d(2-18)  19%         4


Dungeon Overview and Level Annotations

Branches:
Dungeon (3/15)

Altars:

Annotations:
D:2 Natasha


Innate Abilities, Weirdness & Mutations

You have a beak for a mouth.
You have claws for feet.


Message History

The lightning grounds out.
Casting: Static Discharge (safe; 4% risk of failure)
Confirm with . or Enter, or press ? or * to list all spells.
The ball python is struck by an arc of lightning.
You kill the ball python!
You are struck by an arc of lightning.
Things that are here:
a ball python corpse; a worm corpse
k - 3 curare-tipped darts
There are no items here.
Natasha, Servant of Life and Death comes into view.
Casting: Static Discharge (safe; 4% risk of failure)
Confirm with . or Enter, or press ? or * to list all spells.
Aiming: Shock (safe; 3% risk of failure)
Press: ? - help, Shift-Dir - straight line, f - Natasha
Aim: Natasha (wandering, hasn't noticed you, 64% to hit)
The zap misses Natasha.
Natasha hisses angrily.
Natasha closely misses you.
Casting: Shock (safe; 3% risk of failure)
Confirm with . or Enter, or press ? or * to list all spells.
You miscast Static Discharge.
You are very lightly contaminated with residual magic.
Nothing appears to happen.
Natasha claws you.
Casting: Static Discharge (safe; 4% risk of failure)
Confirm with . or Enter, or press ? or * to list all spells.
Natasha is struck by an arc of lightning.
Natasha is moderately wounded.
You are struck by an arc of lightning.
Natasha is struck by an arc of lightning.
Natasha is heavily wounded.
You are struck by an arc of lightning.
* * * LOW HITPOINT WARNING * * *
The lightning grounds out.
Natasha claws you.
* * * LOW HITPOINT WARNING * * *
Okay, then.
You barely miss Natasha.
Natasha is heavily wounded.
Natasha claws you.
You die...

.§§§...≈...# #...)....#
≈.≈.§.≈.≈.≈## #.#.# .≈.§.≈...≈...
#...# ≈.≈§≈.≈.≈.≈# ###.########
...§...§§§.# #..........#
§.≈.§.§§≈§≈# #.#.######.#
.≈..§§§§§§.# #.#.######.###
≈.≈.§§≈.§..#########.#.....##.#..
##.#........†...@h...#.###.##.#.#
#.###################.# #.##.#.#
..# #.###.##.#.# ##.#
#.#......#.# ..# #.#.#.#..#)# #.#
#..........# .# ###.#.#..### #.#
#......# #.# ##.###.#


You could see Natasha.

Vanquished Creatures
  Natasha (D:2)
  A worm (D:2)
  A dart slug (D:1)
  4 ball pythons
  5 endoplasms (D:1)
  3 giant cockroaches (D:1)
  4 goblins
  5 hobgoblins
  4 kobolds
  2 quokkas
  2 frilled lizards (D:2)
  2 rats
34 creatures vanquished.

Vanquished Creatures (others)
  3 fungi (D:1)
  5 plants (D:1)
8 creatures vanquished.

Grand Total: 42 creatures vanquished

Notes
Turn   | Place    | Note
-------+----------+-------------------------------------------
     0 | D:1      | Godmorgon the Tengu Air Elementalist began the quest for
                  | the Orb.
     0 | D:1      | Reached XP level 1. HP: 10/10 MP: 4/4
   184 | D:1      | Reached XP level 2. HP: 15/15 MP: 3/6
   187 | D:1      | Learned a level 2 spell: Static Discharge
   610 | D:1      | Found a faded altar of an unknown god.
   968 | D:1      | Reached XP level 3. HP: 19/19 MP: 7/7
  1204 | D:2      | You fall into a shaft and drop 1 floor!
  1228 | D:2      | Noticed Natasha
  1420 | D:2      | Killed Natasha
  1421 | D:2      | Reached skill level 5 in Air Magic
  1631 | D:2      | Reached XP level 4. HP: 21/24 MP: 5/8
  1825 | D:2      | Noticed Natasha
  1830 | D:2      | HP: 1/24 [Natasha (4)]
  1831 | D:2      | Slain by Natasha

Illustrated notes

Levels and vault maps discovered:
D:1:      pf_arrival_petrified_forest, layout_loops_cross,
          shapermc_ecumenical_altar_mp_urbaneastern
D:2:      layout_loops_ring, dreamdust_princess_corridor, kennysheep_crisscross,
          uniq_natasha
D:3:      layout_loops_ring, mainiacjoe_overflow_24_doors,
          gammafunk_ghost_arena, uniq_ijyb, uniq_jessica

Skill      XL: |  1  2  3 |
---------------+----------+-----
Conjurations   | 2 |  2.7
Air Magic      | 5 |  5.4
Dodging        | |  2.1
Stealth        | |  2.0
Spellcasting   | |  2.6

Action                   |  1- 3 |  4- 6 || total
-------------------------+-------+-------++-------
Melee: Dagger            |    27 |     5 ||    32
       Kick              |     6 |       ||     6
       Peck              |     3 |       ||     3
 Cast: Shock             |    16 |     4 ||    20
       Static Discharge  |     9 |     5 ||    14
 Stab: Sleeping          |     1 |     1 ||     2
Armor: Robe              |     2 |       ||     2
Dodge: Dodged            |    18 |     3 ||    21
